AoeStats
← Nopec

Nomad

506374856Analyzed
4v4 RM · 19d ago on Sep 13, 2026· 53m 3s· 8 players
Game mode
Random Map
Map size
231×231
Population
200
Speed
Normal
Resources
Standard
Victory
Conquest
Starting age
Dark Age
Ending age
Imperial Age
RankedLock teamsTeams togetherTeam positionsShared explorationLock speedFull tech treeHidden civsTurbo modeCheats
Victory
Defeat
🇧🇷 Huns · Brazil
808
+17
🇨🇳 Magyars · China
789
+18
🇨🇳 Persians · China
777
+18
🇩🇪 Byzantines · Germany
752
+19
🇹🇷 Turks · Türkiye
873
-19
🇨🇳 Huns · China
873
-20
🇹🇼 Vietnamese · Taiwan
813
-18
🇨🇳 Goths · China
761
-15
Kadojc
5:07 Loom
14:42 Feudal Age
15:13 Double-Bit Axe
22:00 Fishing Lines
25:17 Fletching
31:47 Castle Age
31:36 Horse Collar
32:33 Scale Barding Armor
32:39 Forging
33:20 Gold Mining
33:22 Stone Mining
34:40 Chain Barding Armor
34:05 Crossbowman
34:59 Heavy Plow
36:44 Wheelbarrow
37:39 Bow Saw
37:32 Scale Mail Armor
39:25 Hand Cart
43:25 Marauders
43:17 Town Watch
46:35 Imperial Age
46:42 Imperial Age
48:06 Conscription
50:11 Gold Shaft Mining
50:14 Plate Barding Armor
49:24 Sappers
49:23 Pikeman
50:04 Squires
51:07 Halberdier
52:41 Chain Mail Armor
53:01 Iron Casting
Nopec
6:41 Loom
16:23 Feudal Age
17:05 Double-Bit Axe
17:09 Horse Collar
19:56 Wheelbarrow
19:48 Scale Barding Armor
19:53 Forging
25:57 Castle Age
25:41 Forging
26:14 Arson
26:02 Pikeman
27:52 Heavy Plow
28:02 Bow Saw
28:45 Husbandry
29:10 Chain Barding Armor
29:26 Iron Casting
30:04 Fishing Lines
31:43 Hand Cart
32:30 Iron Casting
32:34 Gillnets
37:19 Imperial Age
38:10 Logistica
38:21 Conscription
38:51 Heavy Camel Rider
40:52 Light Cavalry
42:27 Elite Cataphract
44:32 Plate Barding Armor
49:57 Crop Rotation
50:29 Two-Man Saw
1222321
3:13 Loom
18:07 Feudal Age
19:22 Double-Bit Axe
21:58 Scale Barding Armor
23:55 Bloodlines
28:01 Fishing Lines
34:38 Castle Age
40:13 Castle Age
42:05 Bow Saw
41:49 Gold Mining
41:50 Stone Mining
43:39 Corvinian Army
43:41 Husbandry
46:25 Gillnets
50:04 Imperial Age
48:59 Wheelbarrow
48:09 Town Watch
50:07 Chain Barding Armor
50:21 Hand Cart
50:06 Town Patrol
yuannnnnnnnnnn
17:32 Feudal Age
15:48 Loom
25:07 Castle Age
23:10 Fishing Lines
23:17 Horse Collar
34:30 Wheelbarrow
34:08 Gold Mining
34:08 Stone Mining
36:12 Hand Cart
35:56 Light Cavalry
36:46 Bloodlines
42:15 Gold Shaft Mining
42:16 Stone Shaft Mining
42:58 Husbandry
「uL」Pottus
4:28 Loom
15:33 Feudal Age
17:04 Wheelbarrow
29:33 Castle Age
HeartYuNi
8:49 Loom
16:25 Feudal Age
17:00 Double-Bit Axe
17:08 Gold Mining
20:00 Stone Mining
22:20 Bloodlines
24:54 Castle Age
25:38 Squires
26:13 Bow Saw
26:26 Forging
26:22 Scale Barding Armor
26:24 Husbandry
29:42 Iron Casting
29:27 Chain Barding Armor
31:04 Stone Shaft Mining
37:15 Scale Mail Armor
43:42 Imperial Age
44:37 Chatras
44:58 Paper Money
44:05 Elite Battle Elephant
49:00 Plate Barding Armor
49:37 Fortified Wall
49:56 Ballistics
49:32 Murder Holes
52:43 Chemistry
精神老头
6:25 Loom
15:23 Feudal Age
21:31 Double-Bit Axe
24:45 Gold Mining
27:23 Castle Age
33:27 Pikeman
中国小子
12:34 Loom
17:13 Feudal Age
19:20 Horse Collar
26:41 Castle Age
29:04 Squires
28:24 Pikeman
30:41 Man-at-Arms
32:55 Wheelbarrow
36:01 Imperial Age
36:08 Imperial Age
34:16 Long Swordsman
36:30 Halberdier
38:47 Anarchy
44:01 Hand Cart
45:06 Heavy Plow
46:57 Perfusion
48:12 Ballistics
47:49 Murder Holes
48:08 Masonry
48:04 Scale Mail Armor
48:15 Forging
49:42 Town Watch
50:40 Chain Mail Armor
51:00 Iron Casting
Connection lost

Rejoining the realm…

Still unreachable

The connection could not be restored.

Session expired

The server has moved on; the page needs a fresh start.